[Event "Early-Titled-Tuesday-Blitz-May-28-2024"]
[Site "Chess.com"]
[Date "2024.05.28"]
[Round "7"]
[White "twofoxniel"]
[Black "Alexander_Donchenko"]
[Result "1-0"]
[WhiteElo "2712"]
[BlackElo "2899"]
[TimeControl "180+1"]
[EndTime "9:14:56 PDT"]
[Termination "twofoxniel won by checkmate"]

1. e4 c6 2. d4 d5 3. Nd2 dxe4 4. Nxe4 Bf5 5. Ng3 Bg6 6. Nf3 Nd7 7. h4 h6 8. h5 Bh7 9. Bd3 Bxd3 10. Qxd3 e6 11. Bd2 Ngf6 12. O-O-O Be7 13. Kb1 Qb6 14. c4 Rd8 15. Bc3 O-O 16. Ne4 Nxe4 17. Qxe4 Nf6 18. Qe2 Bb4 19. Bxb4 Qxb4 20. Ne5 c5 21.
dxc5 Qxc5 22. f4 Rd4 23. Rxd4 Qxd4 24. g3 Rd8 25. Re1 a6 26. a3 a5 27. Ka2 a4 28. g4 Qxf4 29. Nxf7 Rc8 30. Nxh6+ Kh7 31.
Qd3+ Kxh6 32. Qg6# 1-0

[Event "Early-Titled-Tuesday-Blitz-May-28-2024"]
[Site "Chess.com"]
[Date "2024.05.28"]
[Round "7"]
[White "jamesaltucher"]
[Black "maracayo"]
[Result "0-1"]
[WhiteElo "2058"]
[BlackElo "2380"]
[TimeControl "180+1"]
[EndTime "9:15:03 PDT"]
[Termination "maracayo won by resignation"]

1. e4 d6 2. f4 Nf6 3. Nc3 c6 4. Nf3 Qa5 5. d3 e5 6. g3 Be7 7. Bg2 O-O 8. O-O Re8 9. f5 Nbd7 10. h3 d5 11. g4 dxe4 12. dxe4 Nc5 13. Qe1 h6 14. a3 Qc7 15. b4 Ncd7 16. Qg3 a5 17.
b5 cxb5 18. Ne2 Nxe4 19. Qe1 Qxc2 20. Be3 Bc5 21. Bxc5 Ndxc5 22. Kh2 Nd3 23. Qh4 Qxe2 24. Rae1 Nxe1 25. Rxe1 Qf2 26. Qh5 Qg3+ 27. Kg1 Nf6 0-1

[Event "Early-Titled-Tuesday-Blitz-May-28-2024"]
[Site "Chess.com"]
[Date "2024.05.28"]
[Round "7"]
[White "mostafa_sakha"]
[Black "Maluco_do_Natal_00"]
[Result "1-0"]
[WhiteElo "2294"]
[BlackElo "2034"]
[TimeControl "180+1"]
[EndTime "9:15:04 PDT"]
[Termination "mostafa_sakha won by resignation"]

1. d4 d5 2. c4 c6 3. Nf3 Nf6 4. Nc3 dxc4 5. g3 b5 6. Bg2 e6 7.
O-O Bb7 8. e4 b4 9. e5 bxc3 10.
exf6 cxb2 11. fxg7 Bxg7 12. Bxb2 Nd7 13. Ba3 Qa5 14.
Qc1 Rc8 15. Nd2 Ba6 16. Re1 Bxd4 17. Nxc4 Bc5 1-0

[Event "Early-Titled-Tuesday-Blitz-May-28-2024"]
[Site "Chess.com"]
[Date "2024.05.28"]
[Round "7"]
[White "topce"]
[Black "Glidzhian_Gor"]
[Result "0-1"]
[WhiteElo "2407"]
[BlackElo "2558"]
[TimeControl "180+1"]
[EndTime "9:15:08 PDT"]
[Termination "Glidzhian_Gor won by checkmate"]

1. e4 e5 2. Nf3 Nc6 3. Nc3 Nf6 4. Bb5 Bc5 5. Bxc6 dxc6 6. d3 O-O 7. h3 h6 8. O-O Qe7 9. Ne2 Nh5 10. c3 Qf6 11. d4 exd4 12. cxd4 Bb6 13. g4 Qxf3 14. gxh5 Qxe4 15.
Ng3 Qxd4 16. Qf3 Bxh3 17. Be3 Qd5 18. Ne4 Bxf1 19. Rxf1 Rae8 20. Nf6+ gxf6 21. Qg3+ Kh7 22. Bxh6 Rg8 23. Qxg8+ Rxg8+ 24. Kh2 Qg2# 0-1

[Event "Early-Titled-Tuesday-Blitz-May-28-2024"]
[Site "Chess.com"]
[Date "2024.05.28"]
[Round "7"]
[White "talaicito"]
[Black "FrenchPlayer2203"]
[Result "1-0"]
[WhiteElo "2255"]
[BlackElo "2045"]
[TimeControl "180+1"]
[EndTime "9:15:11 PDT"]
[Termination "talaicito won by checkmate"]

1. d4 d5 2. Bf4 Nf6 3. Nc3 c5 4. e3 cxd4 5. exd4 a6 6. Nf3 Nc6 7. Ne5 e6 8. Be2 Bd7 9. O-O Be7 10. Re1 O-O 11. Bd3 Nb4 12. Bf1 b5 13. a3 Nc6 14.
Ne2 Na5 15. Ng3 Rc8 16. Bd3 Nc4 17. Rb1 h6 18. Nh5 Nxh5 19. Qxh5 Bf6 20. Bxh6 gxh6 21. Qxh6 Re8 22. Qh7+ Kf8 23. Qxf7# 1-0

[Event "Early-Titled-Tuesday-Blitz-May-28-2024"]
[Site "Chess.com"]
[Date "2024.05.28"]
[Round "7"]
[White "linesman39"]
[Black "FischerKasparow"]
[Result "1-0"]
[WhiteElo "2290"]
[BlackElo "2101"]
[TimeControl "180+1"]
[EndTime "9:15:14 PDT"]
[Termination "linesman39 won by resignation"]

1. d4 Nf6 2. c4 c5 3. d5 b5 4. cxb5 a6 5. b6 Qxb6 6. Nc3 g6 7. e4 d6 8. Be2 Bg7 9. Nf3 O-O 10. O-O Bd7 11.
a4 Bg4 12. Nd2 Bxe2 13. Qxe2 Nbd7 14. a5 Qb4 15. Ra4 Qb7 16. f4 Rab8 17. Kh1 Ne8 18. Nc4 Nc7 19. e5 dxe5 20. fxe5 Nxd5 21. e6 Nxc3 22.
bxc3 Nf6 23. Nb6 Qe4 24. Rxe4 1-0

[Event "Early-Titled-Tuesday-Blitz-May-28-2024"]
[Site "Chess.com"]
[Date "2024.05.28"]
[Round "7"]
[White "Sl4werThanYou"]
[Black "Masterbeaterr"]
[Result "1-0"]
[WhiteElo "2740"]
[BlackElo "2482"]
[TimeControl "180+1"]
[EndTime "9:15:16 PDT"]
[Termination "Sl4werThanYou won by resignation"]

1. e4 e5 2. Nf3 Nc6 3. Bb5 a6 4. Ba4 Nf6 5. O-O Nxe4 6. d4 b5 7. Bb3 d5 8. dxe5 Be6 9. Be3 Be7 10. Qe2 O-O 11. Rd1 Nc5 12. Nc3 Nxb3 13. cxb3 Qd7 14. Rac1 Rad8 15. h3 Nb8 16. Nb1 a5 17. Bc5 Bxc5 18.
Rxc5 c6 19. Nd4 Rc8 20. Rdc1 Rfe8 21. Nd2 Qb7 22. a4 bxa4 23. bxa4 Qxb2 24. N2b3 Bd7 25. Qxb2 1-0

[Event "Early-Titled-Tuesday-Blitz-May-28-2024"]
[Site "Chess.com"]
[Date "2024.05.28"]
[Round "7"]
[White "Anton_Demchenko"]
[Black "korbul"]
[Result "1-0"]
[WhiteElo "2938"]
[BlackElo "2668"]
[TimeControl "180+1"]
[EndTime "9:15:21 PDT"]
[Termination "Anton_Demchenko won by resignation"]

1. e4 c5 2. Nc3 e6 3. Nf3 a6 4. d4 cxd4 5. Nxd4 d6 6. Be3 Nf6 7. Qf3 h5 8. h3 Nbd7 9. Be2 Ne5 10. Qg3 Qc7 11. f4 Nc4 12. Bxc4 Qxc4 13. e5 dxe5 14. fxe5 Nd5 15. Nxd5 Qxd5 16. O-O g6 17. Rad1 Qe4 18.
Qf2 Rh7 19. Nf3 Be7 20. Ng5 Bxg5 21. Bxg5 Bd7 22. Qf6 Qb4 23. Rd6 1-0

[Event "Early-Titled-Tuesday-Blitz-May-28-2024"]
[Site "Chess.com"]
[Date "2024.05.28"]
[Round "7"]
[White "TatjanaVasilevich"]
[Black "Chessbard1972"]
[Result "1-0"]
[WhiteElo "2590"]
[BlackElo "2407"]
[TimeControl "180+1"]
[EndTime "9:15:23 PDT"]
[Termination "TatjanaVasilevich won by resignation"]

1. d4 Nf6 2. c4 g6 3. Nc3 Bg7 4. e4 d6 5. f4 O-O 6. Nf3 Bg4 7. Be2 c5 8. d5 e6 9. Nd2 Bxe2 10.
Qxe2 exd5 11. cxd5 Re8 12. O-O Nbd7 13. Qd3 a6 14. a4 c4 15. Qxc4 Nc5 16. Re1 Rc8 17. Qf1 Qb6 18. Nc4 Qb4 19. Nxd6 Nb3 20. Nxe8 Nxa1 21.
Nxf6+ Bxf6 22. e5 Bd8 23. d6 Nc2 24. Rd1 Bb6+ 25. Kh1 Rd8 26. Nd5 Qb3 27. Qd3 Qxd3 28. Rxd3 Ba7 29. Rc3 Nd4 30. Be3 b5 31. Rc7 Bb8 32.
Bxd4 Bxc7 33. dxc7 Rc8 34. Ne7+ 1-0

[Event "Early-Titled-Tuesday-Blitz-May-28-2024"]
[Site "Chess.com"]
[Date "2024.05.28"]
[Round "7"]
[White "klercaku"]
[Black "Lily_Schirmbeck"]
[Result "0-1"]
[WhiteElo "2271"]
[BlackElo "1845"]
[TimeControl "180+1"]
[EndTime "9:15:38 PDT"]
[Termination "Lily_Schirmbeck won by checkmate"]

1. e4 d5 2. exd5 Qxd5 3. Nc3 Qd6 4. d4 Nf6 5. Nf3 a6 6. Be2 e6 7. Be3 b5 8. a3 Bb7 9. O-O Be7 10. Ne5 c5 11. Bf3 Nd5 12. Ne4 Qc7 13. Nd3 c4 14.
Ndc5 Bc6 15. Qd2 Nd7 16. Nxd7 Qxd7 17. Rad1 O-O 18. Nc5 Qc7 19. c3 Rfd8 20. Qe2 Bxc5 21. dxc5 Nxe3 22. Bxc6 Nxf1 23. Bxa8 Qxh2+ 24. Kxf1 Qh1# 0-1

[Event "Early-Titled-Tuesday-Blitz-May-28-2024"]
[Site "Chess.com"]
[Date "2024.05.28"]
[Round "7"]
[White "HansOnTwitch"]
[Black "Kunalm64"]
[Result "1-0"]
[WhiteElo "3121"]
[BlackElo "2681"]
[TimeControl "180+1"]
[EndTime "9:15:46 PDT"]
[Termination "HansOnTwitch won by resignation"]

1. e4 c6 2. Nf3 d5 3. d3 Bg4 4. h3 Bxf3 5. Qxf3 e6 6. Nd2 Nf6 7. g3 Nbd7 8. Bg2 g6 9. Qe2 Bg7 10. e5 Ng8 11. Nf3 Ne7 12. O-O O-O 13. c3 c5 14. d4 Nc6 15. Be3 cxd4 16. cxd4 Rc8 17.
h4 Qb6 18. Rfc1 Qa6 19. Qxa6 bxa6 20. Bf1 Ndb8 21. Rc3 Nb4 22. Ne1 a5 23. Rac1 Rxc3 24. bxc3 N4c6 25. Rb1 f6 26. f4 fxe5 27. fxe5 Rf7 28.
Bh3 Re7 29. Nd3 Nd7 30. Rb7 Nf8 31. Rb5 Rc7 32. Nc5 Kf7 33. Rb1 Nxe5 34. dxe5 Bxe5 35. Rf1+ Ke8 36. Rxf8+ Kxf8 37. Nxe6+ Ke7 38. Nxc7 Bxc7 39. Kf2 Bb6 40. Bxb6 axb6 41. Ke3 Kd6 42. Kd4 1-0

[Event "Early-Titled-Tuesday-Blitz-May-28-2024"]
[Site "Chess.com"]
[Date "2024.05.28"]
[Round "7"]
[White "SharapovEvgeny"]
[Black "AnishOnYoutube"]
[Result "0-1"]
[WhiteElo "2613"]
[BlackElo "3019"]
[TimeControl "180+1"]
[EndTime "9:15:47 PDT"]
[Termination "AnishOnYoutube won by resignation"]

1. e4 c5 2. Nf3 d6 3. d4 cxd4 4.
Nxd4 Nf6 5. f3 e5 6. Nb3 a5 7. Bb5+ Nc6 8. Nc3 Be7 9. Be3 O-O 10. O-O Be6 11. Qe2 Na7 12. Bc4 Qc7 13. Bxe6 fxe6 14. Rfd1 b5 15. Nxb5 Nxb5 16. Qxb5 Rfb8 17. Qd3 a4 18. Nd2 Rxb2 19. Nc4 Rb4 20. Nd2 d5 21. c3 Rb2 22. Rdb1 a3 23. Nb3 dxe4 24. fxe4 Ng4 25. Kh1 Rd8 0-1

[Event "Early-Titled-Tuesday-Blitz-May-28-2024"]
[Site "Chess.com"]
[Date "2024.05.28"]
[Round "7"]
[White "Fore_Man"]
[Black "pfalcon1949"]
[Result "0-1"]
[WhiteElo "2217"]
[BlackElo "1930"]
[TimeControl "180+1"]
[EndTime "9:15:48 PDT"]
[Termination "pfalcon1949 won by resignation"]

1. Nf3 Nf6 2. c4 d5 3. cxd5 Nxd5 4. e4 Nb6 5. d4 c6 6. h3 g6 7. Nc3 Bg7 8. Be3 O-O 9. Be2 Na6 10.
O-O Nc7 11. a4 Nd7 12. a5 e6 13. b4 a6 14. Na4 Qe7 15. Rb1 Nb5 16. Bxb5 axb5 17.
Nc5 Nxc5 18. dxc5 e5 19. Qd6 Re8 20. Rfd1 Be6 21. Bg5 f6 22. Bc1 Rad8 0-1

[Event "Early-Titled-Tuesday-Blitz-May-28-2024"]
[Site "Chess.com"]
[Date "2024.05.28"]
[Round "7"]
[White "FLYD"]
[Black "Aguiar94"]
[Result "1-0"]
[WhiteElo "2056"]
[BlackElo "2672"]
[TimeControl "180+1"]
[EndTime "9:15:52 PDT"]
[Termination "FLYD won by resignation"]

1. e4 c5 2. Nf3 e6 3. b3 g6 4. Bb2 Nf6 5. e5 Nh5 6. d4 cxd4 7. Nxd4 Qa5+ 8. Bc3 Qxe5+ 9. Ne2 Qc7 10. Bxh8 f6 11. g4 Ng7 12. Bxg7 Bxg7 13. Bg2 f5 14. c3 fxg4 15. Qd3 Na6 16. Na3 Nc5 17. Qd2 a6 18. Nc4 d5 19. Ne3 Bd7 20. O-O h5 21.
Rfe1 O-O-O 22. Nd4 Be5 23. Rac1 Bxh2+ 24. Kh1 Bf4 25. c4 dxc4 26. Rxc4 Bb5 27. Rxc5 Qxc5 28. Rc1 Qxc1+ 29. Qxc1+ Kb8 30. Nxb5 axb5 31. Qc5 g3 32. Qxb5 1-0

[Event "Early-Titled-Tuesday-Blitz-May-28-2024"]
[Site "Chess.com"]
[Date "2024.05.28"]
[Round "7"]
[White "ural58"]
[Black "Chernov_Mikhail"]
[Result "1-0"]
[WhiteElo "2441"]
[BlackElo "2306"]
[TimeControl "180+1"]
[EndTime "9:15:53 PDT"]
[Termination "ural58 won by resignation"]

1. e4 e5 2. Nf3 Nf6 3. d4 Nxe4 4. Bd3 d5 5. Nxe5 Bd6 6. Nc3 Nxc3 7. bxc3 Bxe5 8. dxe5 O-O 9. O-O Qh4 10. Re1 Nc6 11. g3 Qg4 12. f3 Qh5 13. Qe2 Be6 14. h4 Rae8 15. Bg5 Nxe5 16. g4 Nxg4 17. fxg4 Qxg4+ 18.
Qxg4 Bxg4 19. Be7 c6 20. Bxf8 Kxf8 21. Rxe8+ 1-0

[Event "Early-Titled-Tuesday-Blitz-May-28-2024"]
[Site "Chess.com"]
[Date "2024.05.28"]
[Round "7"]
[White "Dolphin_2010"]
[Black "Squirlolz"]
[Result "1-0"]
[WhiteElo "2765"]
[BlackElo "2543"]
[TimeControl "180+1"]
[EndTime "9:15:54 PDT"]
[Termination "Dolphin_2010 won by resignation"]

1. d4 c5 2. c3 cxd4 3. cxd4 b5 4. e4 Bb7 5. f3 a6 6. Be3 g6 7. h4 Nf6 8. Bd3 Bg7 9. Ne2 Nc6 10. Nbc3 d6 11.
Rc1 O-O 12. Kf2 Rc8 13. Qd2 Na5 14. b3 Nc6 15. Bh6 b4 16. Nd5 Nxd5 17. exd5 Nxd4 18. Rxc8 Qxc8 19. Bxg7 Kxg7 20. Nxd4 Bxd5 21. h5 Qc5 22. Qe3 a5 23. Rc1 Qc3 24. Rxc3 bxc3 25. Nf5+ gxf5 26. Qg5+ Kh8 27. Qxf5 1-0

[Event "Early-Titled-Tuesday-Blitz-May-28-2024"]
[Site "Chess.com"]
[Date "2024.05.28"]
[Round "7"]
[White "Eliwood44"]
[Black "KnightDuta"]
[Result "0-1"]
[WhiteElo "2470"]
[BlackElo "2725"]
[TimeControl "180+1"]
[EndTime "9:15:54 PDT"]
[Termination "KnightDuta won by resignation"]

1. d4 c5 2. d5 e5 3. c4 d6 4. Nc3 Be7 5. e4 Bg5 6. Bxg5 Qxg5 7. Nf3 Qd8 8. Bd3 Ne7 9. O-O O-O 10. Ne1 f5 11. f4 exf4 12. Rxf4 Ng6 13. Rf1 f4 14. Nf3 Bg4 15. Be2 Nd7 16. Qb3 b6 17. Rae1 Bxf3 18. Bxf3 Nde5 19. Ne2 Qg5 20. Kh1 Rf6 21. Ng1 Raf8 22.
Nh3 Qh4 23. Rd1 Ne7 24. Qa4 Nc8 25. b3 g5 26. Ng1 g4 27. Be2 Rh6 28. h3 f3 29. gxf3 gxf3 30. Bxf3 Nxf3 31. Rxf3 Rxf3 32. Nxf3 Qxh3+ 33. Kg1 Qg3+ 0-1

[Event "Early-Titled-Tuesday-Blitz-May-28-2024"]
[Site "Chess.com"]
[Date "2024.05.28"]
[Round "7"]
[White "PabloZarnicki"]
[Black "BarloNadera"]
[Result "0-1"]
[WhiteElo "2523"]
[BlackElo "2103"]
[TimeControl "180+1"]
[EndTime "9:15:59 PDT"]
[Termination "BarloNadera won by resignation"]

1. e4 e6 2. d3 d5 3. Qe2 Be7 4.
Nf3 Nf6 5. g3 c5 6. e5 Nfd7 7.
Bg2 Nc6 8. O-O Qc7 9. Re1 b6 10. Nc3 a6 11. Bf4 Qd8 12. Nxd5 exd5 13. e6 Nf6 14. exf7+ Kxf7 15. Ng5+ Kf8 16. c3 Ra7 17. Ne6+ Bxe6 18. Qxe6 Qd7 19. Qe3 h6 20. Re2 Kf7 21. Rae1 Re8 22. Bxh6 Bf8 23. Qf4 Rxe2 24. Rxe2 gxh6 25.
Qh4 Qd6 26. c4 Nd4 27. Re3 dxc4 28. dxc4 Re7 29. b3 Ne2+ 0-1

[Event "Early-Titled-Tuesday-Blitz-May-28-2024"]
[Site "Chess.com"]
[Date "2024.05.28"]
[Round "7"]
[White "JAN2404"]
[Black "GMthekingindian"]
[Result "0-1"]
[WhiteElo "1969"]
[BlackElo "2351"]
[TimeControl "180+1"]
[EndTime "9:16:03 PDT"]
[Termination "GMthekingindian won by resignation"]

1. e4 c5 2. d4 cxd4 3. c3 Nf6 4. e5 Nd5 5. Nf3 e6 6. cxd4 d6 7. Bc4 Be7 8. O-O O-O 9. Nc3 Nxc3 10. bxc3 Qc7 11.
Qb3 Nc6 12. Bd3 dxe5 13. Qc2 h6 14. Re1 exd4 15. cxd4 Bd7 16. Bb2 Rac8 17. Qe2 Nb4 18. Rac1 Qa5 19. a3 Nxd3 20. Qxd3 Bf6 21. Ne5 Bb5 22. Qf3 Rxc1 23. Rxc1 Qd2 24. Qb3 Bxe5 25. dxe5 Bc6 26. Rd1 Qg5 27. g3 Qg4 28. Rd2 Qe4 29.
f3 Qe1+ 0-1

[Event "Early-Titled-Tuesday-Blitz-May-28-2024"]
[Site "Chess.com"]
[Date "2024.05.28"]
[Round "7"]
[White "DarZay"]
[Black "Veleamater"]
[Result "0-1"]
[WhiteElo "2301"]
[BlackElo "2435"]
[TimeControl "180+1"]
[EndTime "9:16:10 PDT"]
[Termination "Veleamater won by resignation"]

1. e4 d6 2. d4 g6 3. f4 Bg7 4.
Nf3 Nf6 5. Bd3 O-O 6. O-O Nc6 7. c3 e5 8. fxe5 dxe5 9. d5 Ne7 10. Bg5 Ne8 11.
c4 h6 12. Be3 f5 13. exf5 gxf5 14. Nh4 Nxd5 15. Nxf5 Nxe3 16. Nxe3 Qd4 17. Rxf8+ Bxf8 18. Qe2 Bc5 19. Kf2 Ng7 20. Nc3 Be6 21. Re1 Rf8+ 22. Kg1 Bf5 23. Bb1 Bxb1 24. Nxb1 Nf5 25. Qh5 Qf4 26. Qg6+ Ng7 27. Qg3 Qxg3 28. hxg3 Nf5 29.
Kf2 Nxe3+ 0-1

[Event "Early-Titled-Tuesday-Blitz-May-28-2024"]
[Site "Chess.com"]
[Date "2024.05.28"]
[Round "7"]
[White "LLariMarc"]
[Black "Ginger_GM"]
[Result "0-1"]
[WhiteElo "2513"]
[BlackElo "2744"]
[TimeControl "180+1"]
[EndTime "9:16:12 PDT"]
[Termination "Ginger_GM won by checkmate"]

1. d4 e6 2. Nf3 f5 3. g3 Nf6 4.
Bg2 Be7 5. O-O O-O 6. c4 d6 7.
Nc3 a5 8. Bg5 Ng4 9. Bxe7 Qxe7 10. h3 Nh6 11. e4 f4 12. g4 Nc6 13. Re1 e5 14. Nd5 Qd8 15. c5 Nf7 16. cxd6 cxd6 17.
Rc1 h5 18. gxh5 Ng5 19. dxe5 Nxf3+ 20. Bxf3 Nxe5 21. Bg2 f3 22. Bf1 Qh4 23. Ne3 Bxh3 24. Bxh3 Qxh3 25. Qxd6 Rf4 26. Qxe5 Rg4+ 27. Nxg4 Qg2# 0-1

[Event "Early-Titled-Tuesday-Blitz-May-28-2024"]
[Site "Chess.com"]
[Date "2024.05.28"]
[Round "7"]
[White "janhelmer03"]
[Black "SuperGPatzer"]
[Result "1-0"]
[WhiteElo "2395"]
[BlackElo "2072"]
[TimeControl "180+1"]
[EndTime "9:16:12 PDT"]
[Termination "janhelmer03 won by resignation"]

1. Nf3 c5 2. b3 Nc6 3. Bb2 d5 4. e3 Nf6 5. Bb5 Bd7 6. O-O e6 7.
Bxc6 Bxc6 8. Ne5 Qc7 9. d3 Be7 10. Nd2 O-O 11. Nxc6 Qxc6 12. Qe2 Rad8 13. e4 d4 14. a4 e5 15. Nc4 Bd6 16. g3 Qc8 17.
f4 Qg4 18. Qxg4 Nxg4 19. h3 Nf6 20. fxe5 Be7 21. exf6 Bxf6 22. Rf5 b6 23. Raf1 Rfe8 24. e5 Be7 25. Rxf7 Bg5 26. h4 Bh6 27. g4 g6 28. Rxa7 Rf8 29. Rf6 Rde8 30. g5 Bg7 31. Kg2 Bxf6 32. gxf6 Rf7 33. Rxf7 Kxf7 34. Nd6+ Ke6 35.
Nxe8 1-0

[Event "Early-Titled-Tuesday-Blitz-May-28-2024"]
[Site "Chess.com"]
[Date "2024.05.28"]
[Round "7"]
[White "Smiechu"]
[Black "Barmen_EV"]
[Result "1-0"]
[WhiteElo "2450"]
[BlackElo "2551"]
[TimeControl "180+1"]
[EndTime "9:16:13 PDT"]
[Termination "Smiechu won by checkmate"]

1. e4 e6 2. d4 d5 3. Bd3 dxe4 4.
Bxe4 Nf6 5. Bf3 Bd6 6. Ne2 Nbd7 7. O-O O-O 8. c4 c6 9. Nbc3 e5 10. Ng3 Bc7 11. d5 cxd5 12. cxd5 Nc5 13. b4 Na6 14. a3 b6 15. d6 Rb8 16. dxc7 Qxc7 17. Nce4 Nxe4 18.
Nxe4 Bf5 19. Bb2 Rfd8 20. Qb3 Be6 21. Qc3 Qxc3 22. Bxc3 Rbc8 23. Bxe5 f6 24. Bf4 Rd3 25. Rfd1 Rb3 26. Re1 g5 27. Nd6 Rcc3 28. Rxe6 gxf4 29. Bd5 Rxa3 30. Rae1 Nxb4 31. Re8+ Kg7 32. Rg8+ Kh6 33. Nf5+ Kh5 34. Bf7# 1-0

[Event "Early-Titled-Tuesday-Blitz-May-28-2024"]
[Site "Chess.com"]
[Date "2024.05.28"]
[Round "7"]
[White "Jospem"]
[Black "Losingexperience"]
[Result "1-0"]
[WhiteElo "3026"]
[BlackElo "2770"]
[TimeControl "180+1"]
[EndTime "9:16:15 PDT"]
[Termination "Jospem won by resignation"]

1. e4 c5 2. Nf3 d6 3. c3 Nf6 4. h3 g6 5. Bd3 Nc6 6. Bc2 Bg7 7. O-O O-O 8. d4 cxd4 9. cxd4 e5 10. d5 Ne7 11.
Nc3 Nh5 12. Re1 h6 13. a4 Nf4 14. Ra3 g5 15. Ne2 f5 16. Ng3 fxe4 17. Bxe4 Nf5 18.
Nxf5 Bxf5 19. Bxf4 gxf4 20. Rb3 b6 21. Rc3 Qd7 22.
Rc6 Rf6 23. Qc2 Bxh3 24. gxh3 Qxh3 25. Qd3 Raf8 26. Qf1 Qd7 27. Qg2 Kh8 28. Kf1 Rg8 29. Qh2 Bf8 30. b4 b5 31. a5 Be7 32. Ke2 Bd8 33. Rg1 1-0

[Event "Early-Titled-Tuesday-Blitz-May-28-2024"]
[Site "Chess.com"]
[Date "2024.05.28"]
[Round "7"]
[White "TERMINATOR_PC"]
[Black "BardArtem"]
[Result "0-1"]
[WhiteElo "2598"]
[BlackElo "2807"]
[TimeControl "180+1"]
[EndTime "9:16:15 PDT"]
[Termination "BardArtem won by resignation"]

1. e4 e5 2. Nf3 Nc6 3. Bc4 Nf6 4. d3 Be7 5. O-O O-O 6. Re1 d6 7. a4 Be6 8. Nbd2 h6 9. c3 Qd7 10. h3 Rfe8 11. Bxe6 Qxe6 12. d4 Qd7 13. dxe5 Nxe5 14.
Nxe5 dxe5 15. Qe2 a5 16. Qc4 c6 17. Nf3 Bf8 18. Bd2 b5 19. Qb3 Bc5 20. Rad1 Qa7 21. Re2 Rab8 22. axb5 cxb5 23. Rde1 b4 24. cxb4 Bxb4 25. Bxb4 Rxb4 26. Qc3 Qb7 0-1

[Event "Early-Titled-Tuesday-Blitz-May-28-2024"]
[Site "Chess.com"]
[Date "2024.05.28"]
[Round "7"]
[White "Flaccidmoves"]
[Black "Keithonsky"]
[Result "0-1"]
[WhiteElo "2492"]
[BlackElo "2645"]
[TimeControl "180+1"]
[EndTime "9:16:16 PDT"]
[Termination "Keithonsky won by resignation"]

1. Nf3 c5 2. b3 Nc6 3. Bb2 d5 4. e3 a6 5. d4 cxd4 6. Nxd4 Nf6 7. Be2 e6 8. O-O Bc5 9. Nxc6 bxc6 10. c4 O-O 11.
Nc3 a5 12. Rc1 Bd6 13. Qc2 Bd7 14. Rfd1 Qb8 15. f4 Qa7 16. Kh1 Qxe3 17. f5 Qh6 18. g3 Bxg3 19. Bf3 Bf4 20. Rg1 d4 21. Ne4 Nxe4 22. Bxe4 e5 23. Rcf1 Ra6 24. Rf3 Qf6 25. Bxd4 exd4 26. Rxf4 c5 27. Rfg4 g6 28. fxg6 fxg6 29.
Bxg6 Qf3+ 30. R1g2 Qf1+ 31. Rg1 Qf3+ 32. R1g2 Bxg4 33. Be4 Rg6 0-1

[Event "Early-Titled-Tuesday-Blitz-May-28-2024"]
[Site "Chess.com"]
[Date "2024.05.28"]
[Round "7"]
[White "DishonorOnYourCow"]
[Black "AwareIdea"]
[Result "1-0"]
[WhiteElo "2584"]
[BlackElo "2478"]
[TimeControl "180+1"]
[EndTime "9:16:17 PDT"]
[Termination "DishonorOnYourCow won by resignation"]

1. d4 Nf6 2. c4 e6 3. Nf3 d5 4.
Nc3 Bb4 5. Bg5 dxc4 6. Qa4+ Nc6 7. e3 Qd5 8. Bxf6 gxf6 9. Nd2 Bxc3 10. bxc3 b5 11.
Qc2 Bb7 12. Be2 Nd8 13. Bf3 Qd7 14. Ne4 Bxe4 15. Qxe4 Rb8 16. O-O O-O 17. Qg4+ Kh8 18. Qh4 Qe7 19. Be4 1-0

[Event "Early-Titled-Tuesday-Blitz-May-28-2024"]
[Site "Chess.com"]
[Date "2024.05.28"]
[Round "7"]
[White "manitodeplomo"]
[Black "Rdeux42"]
[Result "1-0"]
[WhiteElo "2565"]
[BlackElo "2424"]
[TimeControl "180+1"]
[EndTime "9:16:17 PDT"]
[Termination "manitodeplomo won by resignation"]

1. d4 d5 2. c4 e6 3. Nf3 c6 4. Bg5 Be7 5. Bxe7 Qxe7 6. e3 Nf6 7. Nc3 O-O 8. Qc2 dxc4 9. Bxc4 c5 10. O-O Nc6 11. a3 cxd4 12. exd4 Rd8 13. Rad1 b6 14. Rfe1 Qf8 15. d5 exd5 16. Nxd5 Nxd5 17. Bxd5 Bb7 18. Bxc6 Rxd1 19. Rxd1 Rc8 20. Nd4 Qd6 21. Nf5 Qf6 22. Rd6 Rxc6 23. Rxc6 Bxc6 24. Qxc6 Qd8 25. Qc8 Qxc8 26. Ne7+ 1-0

[Event "Early-Titled-Tuesday-Blitz-May-28-2024"]
[Site "Chess.com"]
[Date "2024.05.28"]
[Round "7"]
[White "theoneandonlydaaevik"]
[Black "ClauAmura"]
[Result "1-0"]
[WhiteElo "2601"]
[BlackElo "2409"]
[TimeControl "180+1"]
[EndTime "9:16:23 PDT"]
[Termination "theoneandonlydaaevik won by resignation"]

1. Nf3 d5 2. g3 c5 3. Bg2 Nc6 4. d4 Nf6 5. O-O cxd4 6. Nxd4 g6 7. c4 e5 8. Nxc6 bxc6 9. Bg5 Bg7 10. cxd5 cxd5 11. Nc3 Be6 12. Bxf6 Bxf6 13. Bxd5 Bxd5 14.
Nxd5 O-O 15. e4 Bg5 16. Qe2 h5 17. h4 Bh6 18. Rfd1 Rb8 19. b4 a5 20. b5 a4 21. Qc4 Qa5 22. Rab1 Kh8 23. Qc6 Rbc8 24. Qf6+ Bg7 25. Qe7 Rc2 26. b6 Qa6 27. Nb4 Qe2 28.
Nxc2 Qxc2 29. b7 1-0

[Event "Early-Titled-Tuesday-Blitz-May-28-2024"]
[Site "Chess.com"]
[Date "2024.05.28"]
[Round "7"]
[White "rollercoaster29"]
[Black "chess_blitz00"]
[Result "1-0"]
[WhiteElo "2545"]
[BlackElo "2312"]
[TimeControl "180+1"]
[EndTime "9:16:26 PDT"]
[Termination "rollercoaster29 won by checkmate"]

1. e4 d6 2. d4 Nf6 3. Nc3 e5 4. Nf3 Nbd7 5. Rg1 Be7 6. g4 O-O 7. g5 Nh5 8. Be3 g6 9. Nd5 c6 10. Nxe7+ Qxe7 11. Bd3 b6 12. Qd2 Bb7 13. O-O-O Rad8 14. Nh4 d5 15. exd5 cxd5 16. dxe5 Nxe5 17. Bd4 Nf3 18.
Nxf3 Rfe8 19. Ne5 Qd6 20. Ng4 Bc8 21. Nh6+ Kf8 22. Be2 Nf4 23. Bf3 Nh3 24. Bc3 a5 25. Qd4 Nxg1 26. Qg7+ Ke7 27. Qxf7# 1-0

[Event "Early-Titled-Tuesday-Blitz-May-28-2024"]
[Site "Chess.com"]
[Date "2024.05.28"]
[Round "7"]
[White "chessamical"]
[Black "Nekoo04"]
[Result "0-1"]
[WhiteElo "2282"]
[BlackElo "2426"]
[TimeControl "180+1"]
[EndTime "9:16:29 PDT"]
[Termination "Nekoo04 won by resignation"]

1. Nf3 d5 2. c4 e6 3. e3 Nf6 4. b3 c5 5. cxd5 Nxd5 6. Bb2 Nc6 7. Nc3 Ndb4 8. d3 e5 9. a3 Nd5 10. Nxd5 Qxd5 11. Qc2 f6 12. Qc4 Be6 13. Qxd5 Bxd5 14. Nd2 Na5 15. Bc3 Nxb3 16. Nxb3 Bxb3 17. d4 exd4 18. Bb5+ Kf7 19. exd4 cxd4 20. Bxd4 a6 21. Be2 Re8 22. Rc1 Bxa3 0-1

[Event "Early-Titled-Tuesday-Blitz-May-28-2024"]
[Site "Chess.com"]
[Date "2024.05.28"]
[Round "7"]
[White "Aygehovit1992"]
[Black "AldokhinIvan"]
[Result "1-0"]
[WhiteElo "2825"]
[BlackElo "2615"]
[TimeControl "180+1"]
[EndTime "9:16:30 PDT"]
[Termination "Aygehovit1992 won by resignation"]

1. e4 c5 2. Nc3 e6 3. d4 cxd4 4. Qxd4 Nc6 5. Qe3 Nf6 6. Nf3 Bb4 7. a3 Bxc3+ 8. Qxc3 d5 9. exd5 exd5 10. Bg5 d4 11.
Qc5 Ne4 12. Bxd8 Nxc5 13. Bh4 Bg4 14. O-O-O Bxf3 15. gxf3 f6 16. Bb5 O-O-O 17. Rhg1 g5 18. Bg3 a6 19. Bxc6 bxc6 20. Rge1 Rd5 21. b4 Nd7 22.
Re6 Kb7 23. Re7 f5 24. c4 dxc3 25. Rxd5 cxd5 26. Rxd7+ Kb6 27. Be5 Re8 28. Rxd5 1-0